 Dungeon Crawl Stone Soup version 0.23.2-1-ga50397a (webtiles) character file.

Game seed: 11764846580627763649

142 IBeShadow the Bolt Thrower (level 5, 0/33 HPs)
             Began as a Kobold Hunter on Apr 29, 2019.
             Killed by divine providence
             ... invoked by an orc priest
              (12 damage)
             ... on level 3 of the Dungeon.
             The game lasted 00:03:54 (2855 turns).

IBeShadow the Bolt Thrower (Kobold Hunter)          Turns: 2855, Time: 00:03:55

Health: 0/33       AC:  5    Str: 11    XL:     5   Next: 50%
Magic:  5/5        EV: 13    Int: 12    God:
Gold:   144        SH:  0    Dex: 15    Spells: 4/4 levels left

rFire    . . .     SeeInvis .   a - +1 hand crossbow
rCold    . . .     Gourm    .   (shield restricted)
rNeg     . . .     Faith    .   l - +0 ring mail
rPois    .         Spirit   .   (no helmet)
rElec    .         Reflect  .   (no cloak)
rCorr    .         Harm     .   (no gloves)
MR       .....                  (no boots)
Stlth    +.........             (no amulet)
HPRegen  0.11/turn              (no ring)
MPRegen  0.09/turn              (no ring)

@: no status effects
A: small, carnivore
a: no special abilities


You were on level 3 of the Dungeon.
You were completely stuffed.

You visited 1 branch of the dungeon, and saw 3 of its levels.

You collected 144 gold pieces.

Inventory:

Hand Weapons
 a - a +1 hand crossbow (weapon)
 b - a +0 short sword
Armour
 l - a +0 ring mail (worn)
 p - a +0 buckler
Scrolls
 c - 5 scrolls of fear {unknown}
 g - 3 scrolls of teleportation {unknown}
 i - a scroll of enchant armour {unknown}
 j - 6 scrolls of identify {unknown}
 k - a scroll of immolation {unknown}
 m - 2 scrolls of amnesia {unknown}
 n - a scroll of blinking {unknown}
 q - a scroll of remove curse {unknown}
Potions
 e - a potion of magic {unknown}
 h - a potion of degeneration {unknown}
Comestibles
 f - 6 rations


   Skills:
 + Level 3.7 Fighting
 + Level 3.4 Short Blades
 + Level 6.0 Crossbows
 - Level 2.4 Dodging
 - Level 1.3 Stealth


You had 4 spell levels left.
You didn't know any spells.
Your spell library was empty.

Dungeon Overview and Level Annotations

Branches:
Dungeon (3/15)

Altars:
Qazlal
Trog
Wu Jian
Zin


Innate Abilities, Weirdness & Mutations

You are small and have problems with some larger weapons.
You are carnivorous and can eat meat at any time.


Message History

Aim: an orc priest, wielding a +0 mace (lightly wounded)
You shoot a bolt. The bolt hits the hound.
The hound is heavily wounded.
The hound bites you. The hound bites you but does no damage.
Firing (i - inventory)
d - 2 bolts (quivered)
Press: ? - help, Shift-Dir - straight line, f/p - orc priest
Aim: an orc priest, wielding a +0 mace (lightly wounded)
You shoot a bolt. The bolt hits the hound!
You kill the hound!
Your Crossbows skill increases to level 6!
The orc priest calls down the wrath of Beogh upon you.
Beogh smites you!
Firing (i - inventory)
d - a bolt (quivered)
Press: ? - help, Shift-Dir - straight line, f/p - orc priest
Aim: an orc priest, wielding a +0 mace (lightly wounded)
You shoot a bolt. The bolt hits the rat.
You kill the rat!
The orc priest calls down the wrath of Beogh upon you.
Beogh smites you!
You die...

## $. .. .## ###
...###..###....
.....(#...S.....
h!.....o..b..?..
#(###.<...
#@%((...(.
#####..... ###


You could see an orc priest.

Vanquished Creatures
  A hound (D:3)
  An orc priest (D:2)
  3 adders
  An ooze (D:2)
  A worm (D:2)
  5 dart slugs
  4 orcs (D:2)
  A ball python (D:3)
  3 giant cockroaches (D:2)
  4 goblins
  2 hobgoblins (D:2)
  8 bats
  2 frilled lizards (D:2)
  6 rats
42 creatures vanquished.

Notes
Turn   | Place    | Note
-------+----------+-------------------------------------------
     0 | D:1      | IBeShadow the Kobold Hunter began the quest for the Orb.
     0 | D:1      | Reached XP level 1. HP: 12/12 MP: 1/1
   198 | D:1      | Reached skill level 1 in Short Blades
   198 | D:1      | Reached skill level 5 in Crossbows
   198 | D:1      | Reached XP level 2. HP: 12/18 MP: 2/2
  1205 | D:2      | Found a faded altar of an unknown god.
  1220 | D:2      | Reached XP level 3. HP: 14/22 MP: 3/3
  1353 | D:2      | Found an ornate altar of the Wu Jian Council.
  1354 | D:2      | Found a bloodstained altar of Trog.
  1427 | D:2      | Found a stormy altar of Qazlal.
  1427 | D:2      | Found a glowing silver altar of Zin.
  1754 | D:2      | Reached XP level 4. HP: 28/28 MP: 4/4
  2435 | D:2      | Reached XP level 5. HP: 20/32 MP: 5/5
  2854 | D:3      | Reached skill level 6 in Crossbows
  2855 | D:3      | Killed from afar by an orc priest

Skill      XL: |  1  2  3  4  5 |
---------------+----------------+-----
Short Blades   | 1 2 3 |  3.4
Crossbows      | 5 6 |  6.0
Fighting       | 3 |  3.7
Dodging        | |  2.4
Stealth        | |  1.3

Action                   |  1- 3 |  4- 6 || total
-------------------------+-------+-------++-------
Melee: Short sword       |    99 |    98 ||   197
 Fire: Hand crossbow     |     9 |    20 ||    29
 Stab: Sleeping          |     1 |     1 ||     2
  Eat: Chunk             |    11 |     4 ||    15
Armor: Leather armour    |    25 |       ||    25
       Ring mail         |     9 |    33 ||    42
Dodge: Dodged            |    79 |    52 ||   131
